 Dungeon Crawl Stone Soup version 0.23.0-28-g6fe0f4dc8b (webtiles) character file.

Game seed: 4935318963671005646

95 Delanovic the Cudgeler (level 4, -5/28 HPs)
             Began as a Gargoyle Fighter on Feb 26, 2019.
             Slain by Crazy Yiuf
             ... wielding a +4 quarterstaff of chaos
              (7 damage)
             ... on level 2 of the Dungeon.
             The game lasted 00:02:17 (1393 turns).

Delanovic the Cudgeler (Gargoyle Fighter)           Turns: 1393, Time: 00:02:21

Health: -5/28      AC: 15    Str: 23    XL:     4   Next: 65%
Magic:  4/4        EV:  4    Int:  8    God:
Gold:   77         SH:  9    Dex:  9    Spells: 3/3 levels left

rFire    + . .     SeeInvis .   l - +0 mace (holy)
rCold    . . .     Gourm    .   c - +0 shield
rNeg     + . .     Faith    .   j - +0 plate armour
rPois    ∞         Spirit   .   (helmet restricted)
rElec    +         Reflect  .   (no cloak)
rCorr    .         Harm     .   (no gloves)
MR       .....                  (no boots)
Stlth    ..........             (no amulet)
HPRegen  0.09/turn              h - ring of protection from fire
MPRegen  0.09/turn              (no ring)

@: very slightly contaminated, hasted and slowed
A: horns 1, negative energy resistance 1, electricity resistance, strong 1,
unbreathing, petrification resistance, rot immunity, AC +3
a: no special abilities


You were on level 2 of the Dungeon.
You were hungry.

You visited 1 branch of the dungeon, and saw 2 of its levels.

You collected 77 gold pieces.

Inventory:

Hand Weapons
 a - a +0 flail
 l - a +0 mace of holy wrath (weapon)
Armour
 b - a +0 scale mail
 c - a +0 shield (worn)
 j - a +0 plate armour (worn)
Jewellery
 h - a ring of protection from fire (left hand)
Scrolls
 e - 3 scrolls of teleportation {unknown}
 g - 4 scrolls of identify {unknown}
 k - a scroll of blinking {unknown}
 o - a scroll of remove curse {unknown}
Potions
 d - a potion of might
 i - a potion of mutation
 m - a potion of curing
 n - a potion of haste {unknown}
Comestibles
 f - 3 rations


   Skills:
 - Level 3.2 Fighting
 + Level 4.7 Maces & Flails
 - Level 3.2 Armour
 - Level 3.2 Shields


You had 3 spell levels left.
You didn't know any spells.
Your spell library was empty.

Dungeon Overview and Level Annotations

Branches:
Dungeon (2/15)

Altars:

Annotations:
D:2 Crazy Yiuf


Innate Abilities, Weirdness & Mutations

You are resistant to torment.
Your stone body is resilient. (AC +3)
You are immune to poison.
You resist negative energy. (rN+)
You are resistant to electric shocks. (rElec)
You can survive without breathing.
You are immune to petrification.
You are immune to rotting.
You have a pair of small horns on your head.
Your muscles are strong. (Str +2)


Message History

Crazy Yiuf hits you but does no damage.
You barely miss Crazy Yiuf.
Crazy Yiuf is severely wounded.
You block Crazy Yiuf's attack.
Your shield and plate armour prevent you from hitting Crazy Yiuf.
Crazy Yiuf is severely wounded.
Crazy Yiuf hits you with a +4 quarterstaff of chaos.
* * * LOW HITPOINT WARNING * * *
You block Crazy Yiuf's attack.
Okay, then.
It was a potion of mutation.
You feel extremely strange. A pair of horns grows on your head!
You feel stronger. Crazy Yiuf hits you but does no damage.
It was a potion of curing.
You feel better.
Crazy Yiuf cries, "Adder!
Cake arm bush."
Crazy Yiuf hits you with a +4 quarterstaff of chaos.
* * * LOW HITPOINT WARNING * * *
You feel yourself speed up.
Crazy Yiuf hits you with a +4 quarterstaff of chaos!
You die...

## #..#### .## #.## ..# #.#
#.##### ### ......#
...#####♣♣♣♣♣
....#..#P.♣.♣♣♣#####
........P..♣..♣#.g.#
..........♣♣♣♣.'@..#
.......#.♣♣ ♣♣#..)#
.....###♣♣ ##### .....#
.....## ###### ......#
##....# ......########
#.....#
..#..........########.....#
.##....................)..#


You could see Crazy Yiuf.

Vanquished Creatures
  Terence (D:1)
  3 gnolls (D:2)
  An ooze (D:1)
  A worm (D:2)
  2 dart slugs (D:1)
  2 giant cockroaches (D:1)
  3 goblins
  5 hobgoblins
  6 bats
  2 frilled lizards
  4 kobolds (D:1)
  5 rats
35 creatures vanquished.

Notes
Turn   | Place    | Note
-------+----------+-------------------------------------------
     0 | D:1      | Delanovic the Gargoyle Fighter began the quest for the Orb.
     0 | D:1      | Reached XP level 1. HP: 14/14 MP: 1/1
   100 | D:1      | Reached XP level 2. HP: 19/19 MP: 2/2
   146 | D:1      | Reached skill level 3 in Maces & Flails
   272 | D:1      | Reached XP level 3. HP: 23/23 MP: 3/3
   723 | D:2      | Noticed Terence
   736 | D:1      | Killed Terence
   736 | D:1      | Reached skill level 4 in Maces & Flails
   998 | D:2      | Reached XP level 4. HP: 28/28 MP: 4/4
  1325 | D:2      | Found a runed translucent door.
  1326 | D:2      | Noticed Crazy Yiuf
  1391 | D:2      | HP: 1/28 [Crazy Yiuf/+4 quarterstaff of chaos (5)]
  1392 | D:2      | Gained mutation: You have a pair of small horns on your
                  | head. [potion of mutation]
  1392 | D:2      | Gained mutation: Your muscles are strong. (Str +2) [potion
                  | of mutation]
  1393 | D:2      | Slain by Crazy Yiuf

Skill      XL: |  1  2  3 |
---------------+----------+-----
Maces & Flails | 3 4 |  4.7
Fighting       | |  3.2
Armour         | |  3.2
Shields        | |  3.2

Action                   |  1- 3 |  4- 6 || total
-------------------------+-------+-------++-------
Melee: Flail             |    74 |       ||    74
       Mace              |     6 |    65 ||    71
  Use: Potion            |       |     2 ||     2
 Stab: Invisible         |       |     4 ||     4
  Eat: Chunk             |       |     1 ||     1
Armor: Scale mail        |    32 |       ||    32
       Plate armour      |    62 |    35 ||    97
Dodge: Dodged            |    36 |     5 ||    41
Block: Shield            |    57 |    22 ||    79
